 Dungeon Crawl Stone Soup version 0.13.0-25-g43d4df3 (webtiles) character file.

232 Psiweapon the Vexing (level 5, 0/35 HPs)
             Began as a Vampire Enchanter on Oct 28, 2013.
             Slain by an adder (1 damage)
             ... on Level 2 of the Dungeon.
             The game lasted 00:13:58 (2310 turns).

Psiweapon the Vexing (Vampire Enchanter)            Turns: 2310, Time: 00:13:58

HP   0/35        AC  3     Str  8      XL: 5   Next: 15%
MP   5/9         EV 13     Int 17      God:
Gold 75          SH  0     Dex 14      Spells:  2 memorised,  3 levels left

Res.Fire  : . . .   See Invis. : +   g - +3,+0 dwarf dagger (speed)
Res.Cold  : . . .   Warding    : .   b - +1 robe
Life Prot.: + . .   Conserve   : .   (no shield)
Res.Poison: .       Res.Corr.  : .   (no helmet)
Res.Elec. : .       Clarity    : .   (no cloak)
Sust.Abil.: . .     Spirit.Shd : .   (no gloves)
Res.Mut.  : .       Stasis     : .   (no boots)
Res.Rott. : .       Flight     : .   (no amulet)
Saprovore : . . .                    (no ring)
                                     l - -6,-4 ring of slaying {unknown}

@: mildly poisoned, very slightly contaminated, slightly resistant to hostile
enchantments, quite stealthy
A: fangs 3, see invisible, unbreathing
a: Bat Form


You were on level 2 of the Dungeon.
You were not thirsty.

You visited 1 branch of the dungeon, and saw 2 of its levels.

You collected 55 gold pieces.

Inventory:

Hand weapons
 a - a +2,+1 dagger {=f}
 e - a -2,-1 dwarven short sword
 g - a +3,+0 dwarven dagger of speed (weapon)
 j - a +0,+0 elven dagger
Missiles
 d - 38 darts (quivered)
 n - 7 steel sling bullets
Armour
 b - a +1 robe (worn)
 f - a cursed +0 dwarven buckler
Magical devices
 k - a wand of random effects (2)
Scrolls
 i - a scroll of identify
 m - a scroll of fog {unknown}
Jewellery
 l - a -6,-4 ring of slaying (left hand) {unknown}
Books
 c - a book of Maledictions

   Spells                             Type                      Level
   *Corona                            Hexes                        1
   Sure Blade                         Hexes/Charms                 2
   *Ensorcelled Hibernation           Hexes/Ice                    2
   Confuse                            Hexes                        3
   Enslavement                        Hexes                        4
   Invisibility                       Hexes                        6


   Skills:
 + Level 2.8 Short Blades
 - Level 0.7 Throwing
 + Level 3.2 Dodging
 + Level 5.0 Stealth
 - Level 1.0 Spellcasting
 - Level 5.1 Hexes
 + Level 1.8 Ice Magic


You had 3 spell levels left.
You knew the following spells:

 Your Spells              Type           Power        Failure   Level  Hunger
a - Corona                Hex            ###....      2%          1    ##.....
b - Ensorcelled Hibernat  Hex/Ice        ##....       10%         2    ###....


Dungeon Overview and Level Annotations

Branches:
Dungeon (2/27)

Altars:
Ashenzari
Makhleb
Nemelex Xobeh
Xom


Innate Abilities, Weirdness & Mutations

You have razor-sharp teeth.*
You have supernaturally acute eyesight.
You can survive without breathing.*


Message History

The adder is almost dead.
* * * LOW HITPOINT WARNING * * *
You feel sick.
You barely miss the adder.
The adder is almost dead.
The adder barely misses you.
Casting: Corona
Confirm with . or Enter, or press ? or * to list all spells.
Aiming: Corona
Press: ? - help, Shift-Dir - straight line, f/p - adder
Aim: an adder (almost dead)
The adder is outlined in light.
The adder closely misses you.
You barely miss the adder.
The adder is almost dead.
The adder bites you.
* * * LOW HITPOINT WARNING * * *
You hit the adder but do no damage.
The adder is almost dead.
The adder bites you.
You die...

#######.###.....##..#.#.##.#.#..#
....###.###.....##..#.#.##.#.#..#
.............[.b###.#.#....#.#..#
....#######.....# #.#.'####+.#..#
....# #.....# #.#........#..#
....# #.....# #.'########+..#
....# #...>.# #.............#
##### #####.....###.............#
..... .........S@.........#######
.#### #.#####.#####.#.#...# .....
... ...# #.#.##### .#### #.#
###.# #.#.# .# #.#####.# #.#.#
.######.#...... #.#.#
................ #.#.######
#######.#...... #.#......# #.#
... ###......#


You could see an adder.

Vanquished Creatures
  A crimson imp (D:2)
  3 gnolls (D:2)
  A giant mite (D:2)
  3 adders (D:2)
  3 giant geckos
  5 oozes
  6 bats
  A giant cockroach (D:2)
  8 goblins
  6 hobgoblins
  5 kobolds
  A quokka (D:2)
  A ball python (D:2)
  6 giant newts
  6 rats
56 creatures vanquished.

Notes
Turn   | Place    | Note
--------------------------------------------------------------
     0 | D:1      | Psiweapon, the Vampire Enchanter, began the quest for the Orb.
     0 | D:1      | Reached XP level 1. HP: 13/13 MP: 4/4
   173 | D:1      | Reached XP level 2. HP: 19/19 MP: 5/5
   254 | D:1      | Learned a level 2 spell: Ensorcelled Hibernation
   781 | D:1      | Reached XP level 3. HP: 24/24 MP: 6/6
   998 | D:2      | Reached skill level 5 in Hexes
  1315 | D:2      | Found a shattered altar of Ashenzari.
  1388 | D:2      | Reached skill level 1 in Ice Magic
  1388 | D:2      | Reached XP level 4. HP: 18/30 MP: 0/8
  1542 | D:2      | Found a shimmering altar of Xom.
  1791 | D:2      | Found a burning altar of Makhleb.
  1888 | D:2      | Reached skill level 5 in Stealth
  1888 | D:2      | Reached XP level 5. HP: 25/35 MP: 3/9
  1938 | D:2      | Found a sparkling altar of Nemelex Xobeh.
  2309 | D:2      | HP: 1/35 [adder (1)]
  2310 | D:2      | Slain by an adder

Action                   |  1- 3 |  4- 6 || total
-------------------------+-------+-------++-------
Melee: Dagger            |   199 |   284 ||   483
       Short sword       |    38 |       ||    38
 Cast: Corona            |    20 |    11 ||    31
       Ensorcelled Hiber |    14 |    12 ||    26
Evoke: Wand              |       |     5 ||     5
  Use: Scroll            |    10 |     1 ||    11
       Potion            |     1 |     3 ||     4
 Stab: Distracted        |     2 |       ||     2
       Sleeping          |    15 |     3 ||    18
